 Dungeon Crawl Stone Soup version 0.29-a0-352-g0917bc69df (webtiles) character file.

Game seed: 7624057491161674108

2109 Morbidden the Chopper (level 9, -2/68 HPs)
             Began as a Demonspawn Fighter on Apr 24, 2022.
             Was a Priest of Cheibriados.
             Slain by a gnoll sergeant
             ... wielding a +0 vorpal trident
              (11 damage)
             ... on level 6 of the Dungeon.
             The game lasted 00:09:00 (6199 turns).

Morbidden the Chopper (Demonspawn Fighter)          Turns: 6199, Time: 00:09:01

Health: -2/68      AC: 15    Str: 28    XL:     9   Next: 7%
Magic:  14/14      EV:  9    Int: 16    God:    Cheibriados [***...]
Gold:   310        SH: 10    Dex: 20    Spells: 14/14 levels left

rFire   . . .      SeeInvis .   a - +1 war axe
rCold   . . .      Faith    .   c - +0 buckler
rNeg    . . .      Spirit   .   r - +0 plate armour
rPois   .          Reflect  .   p - +0 helmet
rElec   .          Harm     .   (no cloak)
rCorr   .          Rampage  .   (no gloves)
Will    .....                   (no boots)
Stlth   ..........              (no amulet)
HPRegen 0.21/turn               (no ring)
MPRegen 0.14/turn               (no ring)

@: very slow
A: hooves 2, icy blue scales 1, condensation shield
a: Renounce Religion, Bend Time, Temporal Distortion


You were on level 6 of the Dungeon.
You worshipped Cheibriados.
Cheibriados was most pleased with you.
You visited 2 branches of the dungeon, and saw 7 of its levels.
You also visited: Ossuary.

You collected 310 gold pieces.

Inventory:

Hand Weapons
 a - a +1 war axe (weapon)
Missiles
 l - 5 silver javelins (quivered)
Armour
 c - a +0 buckler (worn)
 p - a +0 helmet (worn)
 r - a +0 plate armour (worn)
Scrolls
 b - 2 scrolls of enchant weapon
 d - 2 scrolls of noise {unknown}
 h - a scroll of summoning {unknown}
 m - a scroll of teleportation
 o - 3 scrolls of identify
 s - a scroll of amnesia
Potions
 e - 2 potions of cancellation {unknown}
 f - a potion of haste {unknown}
 g - a potion of flight {unknown}
 i - a potion of heal wounds {unknown}
 j - 2 potions of curing {unknown}
 k - a potion of mutation {unknown}
 n - a potion of berserk rage {unknown}
 q - 2 potions of brilliance {unknown}
 t - a potion of lignification {unknown}


   Skills:
 * Level 5.1 Fighting
 * Level 7.8 Axes
 + Level 0.3 Throwing
 + Level 4.0 Armour
 * Level 3.5 Dodging
 + Level 4.0 Shields
 * Level 3.4 Spellcasting


You had 14 spell levels left.
You didn't know any spells.
Your spell library contained the following spells:

 Spells                   Type           Power      Damage    Failure   Level
 Blink                    Tloc           4%         N/A       99%         2
 Static Discharge         Conj/Air       2%         N/A       99%         2
 Lesser Beckoning         Tloc           2%         N/A       100%        3
 Dispel Undead            Necr           2%         3d7       100%        4
 Sticky Flame             Conj/Fire      2%         2d3       100%        4
 Summon Lightning Spire   Summ/Air       2%         N/A       100%        4
 Manifold Assault         Tloc           2%         N/A       100%        5
 Storm Form               Tmut/Air       1%         N/A       100%        7
 Maxwell's Capacitive Co  Air            1%         ∞         100%        8


Dungeon Overview and Level Annotations

Branches:
Dungeon (6/15)             Temple (1/1) D:6         Ossuary (visited)

Altars:
Ashenzari
Cheibriados
Dithmenos
Fedhas
Gozag
Hepliaklqana
Kikubaaqudgha
Makhleb
Nemelex Xobeh
Okawaru
Qazlal
Ru
Sif Muna
Vehumet
Wu Jian
Xom
Zin
The Shining One

Shops:
D:3 (   D:4 [   D:6 ?!(


Innate Abilities, Weirdness & Mutations

You have hoof-like feet.
You are partially covered in icy blue scales. (AC +2)
A meltable shield of frost defends you. (SH +4)


Message History

The kobold throws a stone.
The stone hits you but does no damage. The gnoll hits you but does no damage.
You block the kobold's attack.
The gnoll sergeant hits you but does no damage.
The gnoll hits you but does no damage. x2
You closely miss the gnoll sergeant. You kick the gnoll sergeant.
The gnoll sergeant is lightly wounded.
You slash the gnoll!
You kill the gnoll!
Cheibriados appreciates the change of pace.
You barely miss the kobold. You closely miss the goblin.
You hit the gnoll but do no damage. You slash the gnoll!
You kill the gnoll!
Cheibriados thoroughly appreciates the change of pace.
Cheibriados raises the support of your attributes as your movement slows.
The goblin hits you but does no damage. You block the gnoll's attack.
You block the kobold's attack. The gnoll sergeant barely misses you.
The kobold hits you but does no damage. The goblin misses you.
The goblin closely misses you.
The gnoll sergeant blocks your attack. x2
The gnoll sergeant is lightly wounded.
You barely miss the goblin. You hit the kobold.
You kill the kobold!
Cheibriados appreciates the change of pace.
You closely miss the goblin. You closely miss the gnoll. You slash the kobold!
You kill the kobold!
Cheibriados appreciates the change of pace.
You hit the goblin but do no damage.
The gnoll sergeant hits you with a +0 vorpal trident.
* * * LOW HITPOINT WARNING * * *
x2 The gnoll closely misses you.
The goblin hits you but does no damage.
You hit the gnoll sergeant but do no damage.
You kick the gnoll sergeant, but do no damage.
The gnoll sergeant is lightly wounded.
You hit the hobgoblin. You slash the goblin!
You kill the goblin!
Cheibriados appreciates the change of pace.
You hit the gnoll. You barely miss the goblin. x2
The goblin hits you but does no damage. The gnoll hits you but does no damage.
The gnoll sergeant hits you with a +0 vorpal trident!
You die...

#* ##.....†....................##
####[...............####......##
##.................### #.....##
.....................###..#$.#*
..........................#...# *
#.........................!...#*#
.............................,,,.
................gg).#........,**#
...............[@g..##.......**
...............gg)...........,*
........................#####,*
.......................## *,**
.......................#* *,,**
...................###..#* **,,*
...................# *#..* **,,,
...................#* *#.****,,*,
...................,** **,**,,***


You could see a gnoll sergeant, a gnoll, a hobgoblin and 2 goblins.

Vanquished Creatures
  Menkaure (Ossuary)
  An orc warrior (D:5)
  2 ice beasts (D:5)
  2 black bears (D:6)
  An ogre (D:5)
  2 phantoms
  2 bullfrogs
  3 necrophages
  4 scorpions
  A howler monkey (D:6)
  3 hounds (D:5)
  4 jellies
  An orc priest (D:5)
  4 iguanas
  An orc wizard (D:5)
  3 mummies (Ossuary)
  5 adders
  8 gnolls
  A river rat (D:6)
  2 shadow imps (D:5)
  2 white imps
  A worm zombie (D:6)
  3 worms
  3 dart slugs
  11 orcs
  4 ball pythons
  4 bats
  5 endoplasms
  10 giant cockroaches
  2 gnoll zombies (Ossuary)
  9 goblins
  4 hobgoblins
  6 jackals
  2 quokkas (D:1)
  A frilled lizard (D:2)
  3 gnoll skeletons (Ossuary)
  4 goblin skeletons (Ossuary)
  3 goblin zombies (Ossuary)
  3 hobgoblin skeletons (Ossuary)
  8 hobgoblin zombies (Ossuary)
  A jackal zombie (D:6)
  9 kobolds
  3 kobold skeletons (Ossuary)
  8 kobold zombies (Ossuary)
  8 orc skeletons (Ossuary)
  2 orc zombies (Ossuary)
  5 rats
  4 rat skeletons (Ossuary)
  2 rat zombies (Ossuary)
181 creatures vanquished.

Notes
Turn   | Place    | Note
-------+----------+-------------------------------------------
     0 | D:1      | Morbidden the Demonspawn Fighter began the quest for the
                  | Orb.
     0 | D:1      | Reached XP level 1. HP: 18/18 MP: 1/1
   279 | D:1      | Gained mutation: A meltable shield of frost defends you.
                  | (SH +4) [demonic ancestry]
   279 | D:1      | Reached XP level 2. HP: 24/24 MP: 2/2
   429 | D:1      | Reached skill level 2 in Axes
  1046 | D:2      | Reached XP level 3. HP: 22/29 MP: 3/3
  1184 | D:2      | Reached skill level 1 in Dodging
  1515 | D:2      | Reached XP level 4. HP: 30/35 MP: 4/4
  2043 | D:3      | Reached skill level 3 in Axes
  2088 | D:3      | Found a faded altar of an unknown god.
  2163 | D:3      | Found Ciog's Weapon Boutique.
  2176 | D:3      | Noticed a bullfrog
  2181 | D:3      | Killed a bullfrog
  2182 | D:3      | Reached skill level 1 in Spellcasting
  2182 | D:3      | Gained mutation: You have large cloven feet. [demonic
                  | ancestry]
  2182 | D:3      | Reached XP level 5. HP: 32/41 MP: 6/6
  3021 | D:4      | HP: 1/41 [cloud of flame (22)]
  3494 | D:4      | Reached skill level 4 in Axes
  3494 | D:4      | Gained mutation: You have hoof-like feet. [demonic
                  | ancestry]
  3494 | D:4      | Reached XP level 6. HP: 33/48 MP: 8/8
  3648 | D:4      | Found Faegewoj's Antique Armour Shoppe.
  4129 | D:5      | Entered Level 5 of the Dungeon
  4239 | D:5      | Noticed an ice beast
  4245 | D:5      | Reached XP level 7. HP: 52/53 MP: 9/9
  4257 | D:5      | Reached skill level 5 in Axes
  4266 | D:5      | Found an iron altar of Okawaru.
  4559 | D:5      | Found an opulent altar of Gozag.
  4907 | D:5      | Reached skill level 6 in Axes
  4909 | D:5      | Gained mutation: You are partially covered in icy blue
                  | scales. (AC +2) [demonic ancestry]
  4909 | D:5      | Reached XP level 8. HP: 33/61 MP: 11/11
  5486 | D:6      | Found a staircase to the Ecumenical Temple.
  5495 | Temple   | Entered the Ecumenical Temple
  5584 | Temple   | Became a worshipper of Cheibriados the Contemplative
  5686 | D:6      | Found Noure's Distillery.
  5694 | D:6      | Found Woleoluh's Weapon Boutique.
  5709 | D:6      | Found a sand-covered staircase.
  5723 | Ossuary  | Entered an ossuary
  5783 | Ossuary  | Reached * piety under Cheibriados
  5926 | Ossuary  | Reached ** piety under Cheibriados
  5936 | Ossuary  | Reached skill level 7 in Axes
  5957 | Ossuary  | Noticed Menkaure
  5965 | Ossuary  | Killed Menkaure
  6052 | D:6      | Reached skill level 5 in Fighting
  6060 | D:6      | Found Ubof's Magic Scroll Boutique.
  6117 | D:6      | Reached XP level 9. HP: 65/68 MP: 14/14
  6186 | D:6      | Reached *** piety under Cheibriados
  6199 | D:6      | Slain by a gnoll sergeant

Illustrated notes

Levels and vault maps discovered:
D:1:      grunt_arrival_crossed_arrows, layout_basic
D:2:      layout_basic, minivault_23
D:3:      layout_basic, serial_shops, nicolae_shop_bloodbath_and_beyond,
          hellmonk_ecumenical_altar_dog_temple
D:4:      layout_loops_cross, serial_shops, nicolae_lakefront_shop,
          kennysheep_generic_room_5
D:5:      layout_gridville, amcnicky_altar_gilded, minmay_ruined_shrine
D:6:      layout_layer_cave, trog_hazing_becter, minmay_temple_entry_mist,
          serial_shops, nicolae_shop_stone, nicolae_square_shop, shop, shop,
          enter_ossuary_3, portal_sewer_entry_e
Temple:   minmay_crystal_spiral_temple

Skill      XL: |  1  2  3  4  5  6  7  8  9 |
---------------+----------------------------+-----
Axes           | 2 3 4 6 7 |  7.8
Dodging        | 1 2 3 |  3.5
Shields        | 3 4 |  4.0
Armour         | 3 4 |  4.0
Spellcasting   | 1 2 3 |  3.4
Fighting       | 4 5 |  5.1
Throwing       | |  0.3

Action                   |  1- 3 |  4- 6 |  7- 9 || total
-------------------------+-------+-------+-------++-------
Melee: War axe           |    94 |   128 |   210 ||   432
       Kick              |       |    16 |    60 ||    76
Throw: Javelin           |       |       |     5 ||     5
  Use: Scroll            |       |     6 |     3 ||     9
       Potion            |       |       |     1 ||     1
Armor: Scale mail        |    29 |       |       ||    29
       Chain mail        |    11 |    53 |    21 ||    85
       Plate armour      |       |       |   131 ||   131
Dodge: Dodged            |    30 |    46 |    75 ||   151
Block: Buckler           |    49 |    65 |   120 ||   234

Table legend: (Time is in decaauts)
 A = Elapsed time spent in this place.
 B = Non-inter-level travel time spent in this place.
 C = Inter-level travel time spent in this place.
 D = Time resting spent in this place.
 E = Time spent auto-exploring this place.
 F = Levels seen in this place.
 G = Mean time per level.
                   A        B        C        D        E       F      G
               +--------+--------+--------+--------+--------+-----+--------+
         Total |   6531 |   6253 |    278 |    289 |   4384 |   8 |  816.4 |
       Dungeon |   5935 |   5767 |    168 |    289 |   4384 |   6 |  989.2 |
        Temple |    200 |     90 |    110 |      0 |      0 |   1 |  200.0 |
       Ossuary |    394 |    394 |      0 |      0 |      0 |   1 |  394.0 |
               +--------+--------+--------+--------+--------+-----+--------+

Top non-repeatable levels by time:
     D:5: 1338 daAuts
     D:4: 1148 daAuts
     D:1: 1045 daAuts
     D:3: 1037 daAuts
     D:2: 1030 daAuts
 Ossuary: 394 daAuts
     D:6: 335 daAuts
  Temple: 200 daAuts
